Diables vs Punishers
Created - February 1, 2019 at 19:18
Goals
|
| Diables |
0 |
1 |
0 |
1 |
| Punishers |
4 |
0 |
3 |
7 |
|
Shots
|
| Diables |
12 |
9 |
9 |
30 |
| Punishers |
12 |
3 |
20 |
35 |
|
1st period
1. Punishers , Jordan Schmaltz 2 (Dan Bertram 3) at 6:37
2. Punishers , Dan Bertram 2 (Zack Hamill 51) at 10:16
3. Punishers , Robbie Earl 26 (David Laliberté 28, Zack Hamill 52) at 11:47 (PP)
4. Punishers , David Laliberté 20 (Jordan Schmaltz 13, Zack Hamill 53) at 18:41
Penalties :
Jan Mursak (Alm) for Hooking (Minor) at 11:40
2nd period
5. Diables , Craig Smith 28 (Nick Bjugstad 35) at 17:51
Penalties :
David Laliberté (Pro) for Hooking (Minor) at 5:51, Dan Bertram (Pro) for Hooking (Minor) at 12:55
3rd period
6. Punishers , Robbie Earl 27 (Zack Hamill 54, Patrick Wiercioch 9) at 6:12 (PP)
7. Punishers , Zack Hamill 30 (Robbie Earl 24, David Laliberté 29) at 8:53
8. Punishers , Boone Jenner 11 (Adam Pelech 18, Mattias Tedenby 20) at 10:24 (PP)
Penalties :
Carl Gunnarsson (Alm) for Hooking (Minor) at 1:02, Carl Gunnarsson (Alm) for Tripping (Minor) at 5:58, Pavel Valentenko (Alm) for Roughing (Minor) at 8:56
Goalie Stats
Garret Sparks (Alm), 7 saves from 11 shots - (0.636), L, 6-9-1, 18:41 minutes
Eric Comrie (Alm), 21 saves from 24 shots - (0.875), 41:19 minutes
Kristers Gudlevskis (Pro), 29 saves from 30 shots - (0.967), W, 10-14-2, 60:00 minutes
Players Stats for Diables
Player Name G A P +/- PIM S H SB GA TA FO MP PP MP PK MP
------------------------------------------------------------------------------------
Brandon Burlon 0 0 0 -1 0 2 4 4 0 0 0/0 26:50 2:23 2:34
Brandon Prust 0 0 0 -1 0 3 3 1 1 0 1/1 15:43 1:51 0:36
Carl Gunnarsson 0 0 0 -1 4 2 1 1 0 0 0/0 18:35 1:35 0:18
Chris Bigras 0 0 0 -1 0 0 0 0 0 0 0/0 14:37 0:00 1:00
Chris Tierney 0 0 0 -1 0 2 1 0 0 0 4/6 15:09 2:07 0:06
Christian Thomas 0 0 0 0 0 0 0 0 0 0 0/0 0:14 0:00 0:00
Craig Smith 1 0 1 -1 0 4 0 0 2 0 4/9 21:52 2:01 2:26
Jamie Oleksiak 0 0 0 -1 0 1 0 0 0 0 0/0 14:26 0:00 0:14
Jan Mursak 0 0 0 -1 2 3 2 0 0 1 1/2 19:42 0:00 0:00
Jordan Caron 0 0 0 0 0 0 0 0 0 0 0/1 14:55 1:51 0:46
Louis Leblanc 0 0 0 -1 0 3 1 0 0 0 1/2 9:53 0:00 0:00
Mark Fraser 0 0 0 -1 0 1 1 1 0 0 0/0 26:50 2:23 2:34
Michal Repik 0 0 0 -1 0 1 1 0 0 0 0/0 10:27 0:00 0:30
Mikko Lehtonen 0 0 0 -1 0 1 1 1 1 0 0/0 13:19 0:06 0:00
Nick Bjugstad 0 1 1 -1 0 2 3 0 1 0 10/14 20:00 1:51 0:46
Pavel Valentenko 0 0 0 -1 2 1 0 0 0 1 0/0 19:14 1:35 0:56
Taylor Beck 0 0 0 -1 0 4 0 0 1 0 0/1 19:40 2:07 0:00
Tim Schaller 0 0 0 0 0 0 3 2 0 0 5/15 14:42 0:00 2:26
Players Stats for Punishers
Player Name G A P +/- PIM S H SB GA TA FO MP PP MP PK MP
------------------------------------------------------------------------------------
Adam Pelech 0 1 1 1 0 3 5 2 0 0 0/0 29:55 2:01 1:48
Boone Jenner 1 0 1 0 0 1 5 0 0 0 4/7 16:45 1:27 0:00
Carter Ashton 0 0 0 0 0 0 0 0 0 0 0/0 0:20 0:07 0:00
Colton Gillies 0 0 0 0 0 2 1 3 0 1 0/0 16:37 1:27 0:00
Dan Bertram 1 1 2 2 2 2 0 1 0 0 0/0 7:43 0:00 0:00
David Laliberté 1 2 3 1 2 4 5 0 0 0 3/5 21:09 2:14 0:31
Dylan DeMelo 0 0 0 0 0 0 0 3 0 1 0/0 13:48 0:00 0:00
Garret Ross 0 0 0 0 0 1 0 0 0 0 0/0 10:55 0:00 0:00
John Macfarland 0 0 0 0 0 0 0 0 0 0 0/0 0:58 0:00 0:58
Jordan Schmaltz 1 1 2 1 0 2 1 1 0 2 0/0 27:07 2:01 1:48
Mark Jankowski 0 0 0 0 0 2 1 0 1 0 1/3 11:05 0:00 0:00
Mattias Tedenby 0 1 1 0 0 4 1 2 0 0 0/0 17:34 1:27 0:57
Michael Joly 0 0 0 0 0 0 0 0 0 0 0/0 1:06 0:00 0:58
Miikka Salomaki 0 0 0 0 0 0 2 0 1 0 0/0 10:55 0:00 0:00
Patrick Wiercioch 0 1 1 2 0 2 1 0 0 0 0/0 23:45 1:47 2:10
Radek Faksa 0 0 0 2 0 3 1 0 0 0 1/3 10:08 0:00 0:26
Robbie Earl 2 1 3 1 0 5 2 0 0 0 2/3 22:49 2:21 2:03
Trevor Van Riemsdyk 0 0 0 2 0 1 2 1 0 2 0/0 22:48 1:47 2:10
Tyler Bertuzzi 0 0 0 2 0 0 1 0 0 0 0/0 7:44 0:00 0:00
Zack Hamill 1 4 5 1 0 3 3 1 0 0 14/30 22:49 2:21 2:03
3 Stars
1 - Zack Hamill (Pro)
2 - Robbie Earl (Pro)
3 - David Laliberté (Pro)
Power Play
Diables - 0 on 2 Attempt(s) - 0.00%
Punishers - 3 on 4 Attempt(s) - 75.00%
Penalty Kill
Diables - 1 on 4 Attempt(s) - 25.00%
- Score 0 goal in Penalty Kill
Punishers - 2 on 2 Attempt(s) - 100.00%
- Score 0 goal in Penalty Kill
Team Stat
Diables - Hits : 21 - Faceoff Wins : 26 - Blocked Shots : 10 - Penalty Minutes : 8
Punishers - Hits : 31 - Faceoff Wins : 25 - Blocked Shots : 14 - Penalty Minutes : 4
Official
Referees : Unknown
Linesman : Unknown
Game Notes
Eric Comrie enters game at 18:41 of 1st period
Finance
Level 1 -- Attendance: 1422 (71.10%) -- Ticket Income $56,880
Level 2 -- Attendance: 747 (74.70%) -- Ticket Income $14,940
Total Attendance: 2169 (72.30%)
Total Ticket Income: $71,820
Other Income: $3,591
Total Income: $75,411
Diables
5 vs 5 Forward
Center Left Wing Right Wing Time % Phy DF OF
1 Nick Bjugstad Taylor Beck Craig Smith 40 1 2 2
2 Tim Schaller Jan Mursak Jordan Caron 30 1 2 2
3 Chris Tierney Brandon Prust Mikko Lehtonen 20 1 2 2
4 Louis Leblanc Jan Mursak Michal Repik 10 1 2 2
5 vs 5 Defense
Defense Defense Time % Phy DF OF
1 Brandon Burlon Mark Fraser 40 1 2 2
2 Carl Gunnarsson Pavel Valentenko 30 1 2 2
3 Jamie Oleksiak Chris Bigras 20 1 2 2
4 Brandon Burlon Mark Fraser 10 1 2 2
PowerPlay Forward
Center Left Wing Right Wing Time % Phy DF OF
1 Chris Tierney Taylor Beck Craig Smith 60 1 2 2
2 Nick Bjugstad Brandon Prust Jordan Caron 40 1 2 2
PowerPlay Defense
Defense Defense Time % Phy DF OF
1 Brandon Burlon Mark Fraser 60 1 2 2
2 Carl Gunnarsson Pavel Valentenko 40 1 2 2
Penalty Kill 4 Players Forward
Center Wing Time % Phy DF OF
1 Craig Smith Tim Schaller 60 1 2 2
2 Nick Bjugstad Jordan Caron 40 1 2 2
Penalty Kill 4 Players Defense
Defense Defense Time % Phy DF OF
1 Brandon Burlon Mark Fraser 60 1 2 2
2 Carl Gunnarsson Pavel Valentenko 40 1 2 2
Penalty Kill - 3 Players Forward
Forward Time % Phy DF OF
1 Craig Smith 60 1 2 2
2 Tim Schaller 40 1 2 2
Penalty Kill - 3 Players Defense
Defense Defense Time % Phy DF OF
1 Brandon Burlon Mark Fraser 60 1 2 2
2 Carl Gunnarsson Pavel Valentenko 40 1 2 2
4 vs 4 Forward
Center Wing Time % Phy DF OF
1 Craig Smith Tim Schaller 60 1 2 2
2 Nick Bjugstad Jordan Caron 40 1 2 2
4 vs 4 Defense
Defense Defense Time % Phy DF OF
1 Brandon Burlon Mark Fraser 60 1 2 2
2 Carl Gunnarsson Pavel Valentenko 40 1 2 2
Last Minutes Offensive
Center Left Wing Right Wing Defense Defense
Tim Schaller Taylor Beck Craig Smith Brandon Burlon Mark Fraser
Last Minutes Defensive
Center Left Wing Right Wing Defense Defense
Tim Schaller Taylor Beck Craig Smith Brandon Burlon Mark Fraser
Goaltenders
Starting : Garret Sparks
Backup : Eric Comrie
Extra Forwards
Normal : Mikko Lehtonen, Chris Tierney, Michal Repik - PP : Mikko Lehtonen, Chris Tierney - PK : Michal Repik
Extra Defensemen
Normal : Jamie Oleksiak, Chris Bigras, Carl Gunnarsson - PP : Jamie Oleksiak - PK : Chris Bigras, Carl Gunnarsson
Penalty Shots
Craig Smith, Tim Schaller, Nick Bjugstad, Jordan Caron, Taylor Beck
Scratches
Stephen Harper (Healthy), Emil Djuse (Healthy), Gemel Smith (Healthy), Matt Lindblad (Healthy), Cole Cassels (Healthy)
Jeremy Gregoire (Healthy), Connor Hurley (Healthy), Gustav Olofsson (Healthy), Andreas Johnsson (Healthy), Brett Ritchie (Healthy)
Mitchell Moroz (Healthy), Daniel Zaar (Broken Nose Injury), Jonas Junland (Healthy), Andrew O'Brien (Healthy), Marc-André Bourdon (Healthy)
Linus Ullmark (Healthy), Jack Campbell (Healthy)
Punishers
5 vs 5 Forward
Center Left Wing Right Wing Time % Phy DF OF
1 Zack Hamill Robbie Earl David Laliberté 40 1 2 2
2 Boone Jenner Colton Gillies Mattias Tedenby 30 1 2 2
3 Mark Jankowski Garret Ross Miikka Salomaki 20 1 2 2
4 Radek Faksa Tyler Bertuzzi Dan Bertram 10 1 2 2
5 vs 5 Defense
Defense Defense Time % Phy DF OF
1 Adam Pelech Jordan Schmaltz 40 1 2 2
2 Patrick Wiercioch Trevor Van Riemsdyk 30 1 2 2
3 Dylan DeMelo Adam Pelech 20 1 2 2
4 Jordan Schmaltz Patrick Wiercioch 10 1 2 2
PowerPlay Forward
Center Left Wing Right Wing Time % Phy DF OF
1 Zack Hamill Robbie Earl David Laliberté 60 1 2 2
2 Boone Jenner Colton Gillies Mattias Tedenby 40 1 2 2
PowerPlay Defense
Defense Defense Time % Phy DF OF
1 Adam Pelech Jordan Schmaltz 60 1 2 2
2 Patrick Wiercioch Trevor Van Riemsdyk 40 1 2 2
Penalty Kill 4 Players Forward
Center Wing Time % Phy DF OF
1 Zack Hamill Robbie Earl 60 1 2 2
2 David Laliberté Mattias Tedenby 40 1 2 2
Penalty Kill 4 Players Defense
Defense Defense Time % Phy DF OF
1 Adam Pelech Jordan Schmaltz 60 1 2 2
2 Patrick Wiercioch Trevor Van Riemsdyk 40 1 2 2
Penalty Kill - 3 Players Forward
Forward Time % Phy DF OF
1 Zack Hamill 60 1 2 2
2 Robbie Earl 40 1 2 2
Penalty Kill - 3 Players Defense
Defense Defense Time % Phy DF OF
1 Adam Pelech Jordan Schmaltz 60 1 2 2
2 Patrick Wiercioch Trevor Van Riemsdyk 40 1 2 2
4 vs 4 Forward
Center Wing Time % Phy DF OF
1 Zack Hamill Robbie Earl 60 1 2 2
2 David Laliberté Mattias Tedenby 40 1 2 2
4 vs 4 Defense
Defense Defense Time % Phy DF OF
1 Adam Pelech Jordan Schmaltz 60 1 2 2
2 Patrick Wiercioch Trevor Van Riemsdyk 40 1 2 2
Last Minutes Offensive
Center Left Wing Right Wing Defense Defense
Zack Hamill Robbie Earl David Laliberté Adam Pelech Jordan Schmaltz
Last Minutes Defensive
Center Left Wing Right Wing Defense Defense
Zack Hamill Robbie Earl David Laliberté Adam Pelech Jordan Schmaltz
Goaltenders
Starting : Kristers Gudlevskis
Backup : Louis Domingue
Extra Forwards
Normal : Carter Ashton, John Macfarland, Michael Joly - PP : Carter Ashton, John Macfarland - PK : Michael Joly
Extra Defensemen
Normal : Dylan DeMelo, Trevor Van Riemsdyk, Adam Pelech - PP : Dylan DeMelo - PK : Trevor Van Riemsdyk, Adam Pelech
Penalty Shots
Zack Hamill, Robbie Earl, David Laliberté, Mattias Tedenby, Boone Jenner
Scratches
Madison Bowey (Back Spasms Injury), Daniel Altshuller (Healthy)
% Time on Ice - Diables
Lines # - Real PCT - Wanted PCT - Time Play
Normal Forward
1 - 34% - 40% - 18:00
2 - 24% - 30% - 12:18
3 - 23% - 20% - 12:03
4 - 19% - 10% - 9:53
Normal Defense
1 - 38% - 40% - 19:57
2 - 32% - 30% - 16:44
3 - 26% - 20% - 13:37
4 - 4% - 10% - 1:56
PP Forward
1 - 53% - 60% - 2:07
2 - 47% - 40% - 1:51
PP Defense
1 - 60% - 60% - 2:23
2 - 40% - 40% - 1:35
PK Forward
1 - 80% - 60% - 3:02
2 - 20% - 40% - 0:46
PK Defense
1 - 68% - 60% - 2:34
2 - 32% - 40% - 1:14
PK3 Forward
1 - 0% - 60%
2 - 0% - 40%
PK3 Defense
1 - 0% - 60%
2 - 0% - 40%
44 Forward
1 - 0% - 60%
2 - 0% - 40%
44 Defense
1 - 0% - 60%
2 - 0% - 40%
Last Minute Offensive - 0:00
Last Minute Defensive - 0:00
Total
Forward - 60:00
Defense - 60:00
|
% Time on Ice - Punishers
Lines # - Real PCT - Wanted PCT - Time Play
Normal Forward
1 - 35% - 40% - 18:25
2 - 29% - 30% - 15:10
3 - 21% - 20% - 10:55
4 - 15% - 10% - 7:44
Normal Defense
1 - 37% - 40% - 19:09
2 - 32% - 30% - 16:38
3 - 24% - 20% - 12:45
4 - 7% - 10% - 3:42
PP Forward
1 - 62% - 60% - 2:21
2 - 38% - 40% - 1:27
PP Defense
1 - 53% - 60% - 2:01
2 - 47% - 40% - 1:47
PK Forward
1 - 76% - 60% - 3:01
2 - 24% - 40% - 0:57
PK Defense
1 - 45% - 60% - 1:48
2 - 55% - 40% - 2:10
PK3 Forward
1 - 0% - 60%
2 - 0% - 40%
PK3 Defense
1 - 0% - 60%
2 - 0% - 40%
44 Forward
1 - 0% - 60%
2 - 0% - 40%
44 Defense
1 - 0% - 60%
2 - 0% - 40%
Last Minute Offensive - 0:00
Last Minute Defensive - 0:00
Total
Forward - 60:00
Defense - 60:00
|
Play-by-Play
1st period
0:01 of 1st period - Zack Hamill wins face-off versus Nick Bjugstad in neutral zone.
0:25 of 1st period - Adam Pelech is hit by Tim Schaller and loses puck.
0:34 of 1st period - Slapshot by Colton Gillies.
0:34 of 1st period - Shot Misses the Net.
0:52 of 1st period - Brandon Burlon is hit by Patrick Wiercioch and loses puck.
1:12 of 1st period - Brandon Burlon is hit by Adam Pelech and loses puck.
1:25 of 1st period - Wrist shot by Zack Hamill.
1:25 of 1st period - Shot Hit the Post.
1:54 of 1st period - Snap shot by Colton Gillies.
1:54 of 1st period - Stopped by Garret Sparks with a rebound.
2:04 of 1st period - Snap shot by Mark Jankowski.
2:04 of 1st period - Stopped by Garret Sparks with a rebound.
2:06 of 1st period - Snap shot by Garret Ross.
2:06 of 1st period - Shot Misses the Net.
2:08 of 1st period - Backhand shot by Garret Ross.
2:08 of 1st period - Shot Blocked by Tim Schaller.
2:43 of 1st period - Slapshot by Louis Leblanc.
2:43 of 1st period - Shot Misses the Net.
2:49 of 1st period - Carl Gunnarsson is hit by Tyler Bertuzzi and loses puck.
3:35 of 1st period - Snap shot by Jan Mursak.
3:35 of 1st period - Shot Misses the Net.
3:37 of 1st period - Slapshot by Jamie Oleksiak.
3:37 of 1st period - Stopped by Kristers Gudlevskis with a rebound.
4:40 of 1st period - Wrist shot by Michal Repik.
4:40 of 1st period - Shot Misses the Net.
4:44 of 1st period - Snap shot by Jan Mursak.
4:44 of 1st period - Stopped by Kristers Gudlevskis with a rebound.
4:46 of 1st period - Slapshot by Jan Mursak.
4:46 of 1st period - Shot Blocked by Adam Pelech.
4:48 of 1st period - Snap shot by Jan Mursak.
4:48 of 1st period - Shot Blocked by Mattias Tedenby.
4:50 of 1st period - Snap shot by Chris Bigras.
4:50 of 1st period - Shot Misses the Net.
4:52 of 1st period - Snap shot by Michal Repik.
4:52 of 1st period - Shot Blocked by Dylan DeMelo.
5:12 of 1st period - Snap shot by Michal Repik.
5:12 of 1st period - Shot Blocked by Colton Gillies.
5:30 of 1st period - Slapshot by Jan Mursak.
5:30 of 1st period - Shot Misses the Net.
5:42 of 1st period - Slapshot by Michal Repik.
5:42 of 1st period - Stopped by Kristers Gudlevskis without a rebound.
5:43 of 1st period - Zack Hamill wins face-off versus Nick Bjugstad in Punishers zone.
6:35 of 1st period - Wrist shot by Dan Bertram.
6:35 of 1st period - Shot Misses the Net.
6:37 of 1st period - Slapshot by Jordan Schmaltz.
6:37 of 1st period - Goal by Jordan Schmaltz - Diables : 0 - Punishers : 1.
6:38 of 1st period - Nick Bjugstad wins face-off versus Zack Hamill in neutral zone.
7:13 of 1st period - Snap shot by Garret Ross.
7:13 of 1st period - Stopped by Garret Sparks with a rebound.
7:15 of 1st period - Slapshot by Patrick Wiercioch.
7:15 of 1st period - Stopped by Garret Sparks without a rebound.
7:16 of 1st period - Brandon Prust wins face-off versus Radek Faksa in Diables zone.
7:27 of 1st period - Wrist shot by Brandon Prust.
7:27 of 1st period - Shot Misses the Net.
7:29 of 1st period - Snap shot by Chris Tierney.
7:29 of 1st period - Stopped by Kristers Gudlevskis without a rebound.
7:30 of 1st period - Nick Bjugstad wins face-off versus Zack Hamill in Punishers zone.
7:55 of 1st period - Zack Hamill is hit by Brandon Burlon and loses puck.
8:00 of 1st period - Snap shot by Brandon Prust.
8:00 of 1st period - Stopped by Kristers Gudlevskis with a rebound.
8:24 of 1st period - Slapshot by Radek Faksa.
8:24 of 1st period - Stopped by Garret Sparks with a rebound.
10:16 of 1st period - Snap shot by Dan Bertram.
10:16 of 1st period - Goal by Dan Bertram - Diables : 0 - Punishers : 2.
10:17 of 1st period - Tim Schaller wins face-off versus Zack Hamill in neutral zone.
10:27 of 1st period - Mark Fraser is hit by David Laliberté.
10:31 of 1st period - Jan Mursak is hit by Robbie Earl and loses puck.
11:07 of 1st period - Snap shot by Mikko Lehtonen.
11:07 of 1st period - Shot Misses the Net.
11:27 of 1st period - Snap shot by Garret Ross.
11:27 of 1st period - Shot Misses the Net.
11:29 of 1st period - Slapshot by Miikka Salomaki.
11:29 of 1st period - Deflect By Garret Ross.
11:29 of 1st period - Shot Blocked by Carl Gunnarsson.
11:29 of 1st period - Puck is out of play.
11:30 of 1st period - David Laliberté wins face-off versus Jan Mursak in Diables zone.
11:40 of 1st period - Minor Penalty to Jan Mursak for Hooking.
11:41 of 1st period - Robbie Earl wins face-off versus Craig Smith in Diables zone.
11:45 of 1st period - Slapshot by David Laliberté.
11:45 of 1st period - Shot Misses the Net.
11:47 of 1st period - Snap shot by Robbie Earl.
11:47 of 1st period - Goal by Robbie Earl - Diables : 0 - Punishers : 3.
11:48 of 1st period - Zack Hamill wins face-off versus Tim Schaller in neutral zone.
12:03 of 1st period - Snap shot by Tim Schaller.
12:03 of 1st period - Shot Blocked by Zack Hamill.
12:13 of 1st period - Taylor Beck is hit by Boone Jenner and loses puck.
12:22 of 1st period - Slapshot by Nick Bjugstad.
12:22 of 1st period - Shot Blocked by Colton Gillies.
12:32 of 1st period - Snap shot by Mikko Lehtonen.
12:32 of 1st period - Stopped by Kristers Gudlevskis with a rebound.
12:34 of 1st period - Slapshot by Chris Tierney.
12:34 of 1st period - Stopped by Kristers Gudlevskis with a rebound.
12:36 of 1st period - Slapshot by Pavel Valentenko.
12:36 of 1st period - Deflect By Jordan Schmaltz.
12:36 of 1st period - Stopped by Kristers Gudlevskis with a rebound.
12:40 of 1st period - Snap shot by Brandon Prust.
12:40 of 1st period - Deflect By Mikko Lehtonen.
12:40 of 1st period - Shot Blocked by Adam Pelech.
12:40 of 1st period - Puck is out of play.
12:41 of 1st period - Zack Hamill wins face-off versus Tim Schaller in Punishers zone.
12:56 of 1st period - Snap shot by Jan Mursak.
12:56 of 1st period - Stopped by Kristers Gudlevskis with a rebound.
13:35 of 1st period - Trevor Van Riemsdyk is hit by Brandon Prust and loses puck.
14:06 of 1st period - Snap shot by Robbie Earl.
14:06 of 1st period - Shot Misses the Net.
14:08 of 1st period - Snap shot by David Laliberté.
14:08 of 1st period - Stopped by Garret Sparks with a rebound.
14:26 of 1st period - Wrist shot by Jan Mursak.
14:26 of 1st period - Stopped by Kristers Gudlevskis with a rebound.
15:20 of 1st period - Wrist shot by David Laliberté.
15:20 of 1st period - Shot Misses the Net.
15:22 of 1st period - Slapshot by David Laliberté.
15:22 of 1st period - Stopped by Garret Sparks without a rebound.
15:23 of 1st period - Nick Bjugstad wins face-off versus Zack Hamill in Diables zone.
15:56 of 1st period - Snap shot by Brandon Prust.
15:56 of 1st period - Shot Blocked by Dylan DeMelo.
15:58 of 1st period - Snap shot by Brandon Prust.
15:58 of 1st period - Shot Misses the Net.
16:00 of 1st period - Wrist shot by Brandon Prust.
16:00 of 1st period - Stopped by Kristers Gudlevskis with a rebound.
16:35 of 1st period - Mark Fraser is hit by Robbie Earl and loses puck.
17:04 of 1st period - Icing by Mikko Lehtonen.
17:05 of 1st period - Louis Leblanc wins face-off versus Mark Jankowski in Diables zone.
17:15 of 1st period - Snap shot by Jan Mursak.
17:15 of 1st period - Deflect By Michal Repik.
17:15 of 1st period - Shot Misses the Net.
17:15 of 1st period - Puck is out of play.
17:16 of 1st period - Zack Hamill wins face-off versus Taylor Beck in Punishers zone.
17:41 of 1st period - Patrick Wiercioch is hit by Brandon Burlon and loses puck.
18:33 of 1st period - Snap shot by David Laliberté.
18:33 of 1st period - Shot Blocked by Mikko Lehtonen.
18:35 of 1st period - Wrist shot by David Laliberté.
18:35 of 1st period - Shot Blocked by Brandon Burlon.
18:37 of 1st period - Slapshot by Jordan Schmaltz.
18:37 of 1st period - Shot Blocked by Brandon Burlon.
18:39 of 1st period - Snap shot by David Laliberté.
18:39 of 1st period - Shot Misses the Net.
18:41 of 1st period - Wrist shot by David Laliberté.
18:41 of 1st period - Goal by David Laliberté - Diables : 0 - Punishers : 4.
18:41 of 1st period - Eric Comrie enters game.
18:42 of 1st period - Boone Jenner wins face-off versus Tim Schaller in neutral zone.
18:53 of 1st period - Slapshot by Jordan Caron.
18:53 of 1st period - Shot Misses the Net.
18:55 of 1st period - Slapshot by Carl Gunnarsson.
18:55 of 1st period - Deflect By Trevor Van Riemsdyk.
18:55 of 1st period - Stopped by Kristers Gudlevskis with a rebound.
19:27 of 1st period - Wrist shot by Radek Faksa.
19:27 of 1st period - Shot Misses the Net.
19:29 of 1st period - Slapshot by Trevor Van Riemsdyk.
19:29 of 1st period - Stopped by Eric Comrie with a rebound.
19:47 of 1st period - Jordan Schmaltz is hit by Nick Bjugstad.
Goals for this period are 0 for Diables vs 4 for Punishers.
Shots for this period are 12 for Diables vs 12 for Punishers.
2nd period
0:01 of 2nd period - Tim Schaller wins face-off versus Zack Hamill in neutral zone.
2:37 of 2nd period - Snap shot by Jordan Caron.
2:37 of 2nd period - Shot Misses the Net.
2:39 of 2nd period - Wrist shot by Mark Fraser.
2:39 of 2nd period - Stopped by Kristers Gudlevskis with a rebound.
2:41 of 2nd period - Wrist shot by Brandon Burlon.
2:41 of 2nd period - Shot Misses the Net.
2:43 of 2nd period - Wrist shot by Jan Mursak.
2:43 of 2nd period - Shot Misses the Net.
2:58 of 2nd period - Nick Bjugstad is hit by David Laliberté and loses puck.
3:11 of 2nd period - Wrist shot by David Laliberté.
3:11 of 2nd period - Stopped by Eric Comrie with a rebound.
3:22 of 2nd period - Off-side.
3:23 of 2nd period - Boone Jenner wins face-off versus Tim Schaller in neutral zone.
3:48 of 2nd period - Adam Pelech is hit by Brandon Prust and loses puck.
3:59 of 2nd period - Mikko Lehtonen is hit by Colton Gillies and loses puck.
4:06 of 2nd period - Colton Gillies is hit by Mikko Lehtonen and loses puck.
5:09 of 2nd period - Brandon Burlon is hit by Zack Hamill.
5:51 of 2nd period - Minor Penalty to David Laliberté for Hooking.
5:52 of 2nd period - Chris Tierney wins face-off versus Zack Hamill in Punishers zone.
5:54 of 2nd period - Snap shot by Craig Smith.
5:54 of 2nd period - Stopped by Kristers Gudlevskis without a rebound.
5:55 of 2nd period - Chris Tierney wins face-off versus Zack Hamill in Punishers zone.
5:56 of 2nd period - Snap shot by Craig Smith.
5:56 of 2nd period - Shot Misses the Net.
5:58 of 2nd period - Slapshot by Mark Fraser.
5:58 of 2nd period - Shot Misses the Net.
7:51 of 2nd period - Penalty to David Laliberté is over, David Laliberté is back on ice.
8:53 of 2nd period - Brandon Prust is hit by David Laliberté and loses puck.
9:23 of 2nd period - Snap shot by Radek Faksa.
9:23 of 2nd period - Stopped by Eric Comrie with a rebound.
9:49 of 2nd period - Trevor Van Riemsdyk is hit by Carl Gunnarsson and loses puck.
10:15 of 2nd period - Taylor Beck is hit by Mark Jankowski and loses puck.
10:43 of 2nd period - Jordan Caron is hit by Boone Jenner and loses puck.
11:40 of 2nd period - Tim Schaller is hit by Jordan Schmaltz and loses puck.
12:33 of 2nd period - Miikka Salomaki is hit by Louis Leblanc and loses puck.
12:38 of 2nd period - Backhand shot by Brandon Burlon.
12:38 of 2nd period - Deflect By Michal Repik.
12:38 of 2nd period - Shot Misses the Net.
12:38 of 2nd period - Puck is out of play.
12:39 of 2nd period - Radek Faksa wins face-off versus Chris Tierney in Punishers zone.
12:39 of 2nd period - Radek Faksa is hit by Brandon Prust.
12:55 of 2nd period - Minor Penalty to Dan Bertram for Hooking.
12:56 of 2nd period - Zack Hamill wins face-off versus Chris Tierney in Punishers zone.
13:11 of 2nd period - Snap shot by Taylor Beck.
13:11 of 2nd period - Stopped by Kristers Gudlevskis with a rebound.
14:55 of 2nd period - Penalty to Dan Bertram is over, Dan Bertram is back on ice.
15:05 of 2nd period - Garret Ross is hit by Jan Mursak and loses puck.
15:12 of 2nd period - Dylan DeMelo is hit by Michal Repik and loses puck.
15:25 of 2nd period - Tim Schaller is hit by Boone Jenner.
16:05 of 2nd period - Snap shot by Mikko Lehtonen.
16:05 of 2nd period - Shot Misses the Net.
16:09 of 2nd period - Wrist shot by Louis Leblanc.
16:09 of 2nd period - Stopped by Kristers Gudlevskis with a rebound.
16:23 of 2nd period - Icing by Miikka Salomaki.
16:24 of 2nd period - Chris Tierney wins face-off versus Mark Jankowski in Punishers zone.
16:25 of 2nd period - Snap shot by Mikko Lehtonen.
16:25 of 2nd period - Shot Misses the Net.
16:27 of 2nd period - Snap shot by Brandon Prust.
16:27 of 2nd period - Shot Blocked by Jordan Schmaltz.
16:29 of 2nd period - Slapshot by Pavel Valentenko.
16:29 of 2nd period - Shot Misses the Net.
16:44 of 2nd period - Craig Smith is hit by Trevor Van Riemsdyk and loses puck.
17:01 of 2nd period - Wrist shot by Michal Repik.
17:01 of 2nd period - Shot Blocked by Dylan DeMelo.
17:03 of 2nd period - Slapshot by Carl Gunnarsson.
17:03 of 2nd period - Deflect By Louis Leblanc.
17:03 of 2nd period - Stopped by Kristers Gudlevskis without a rebound.
17:04 of 2nd period - Boone Jenner wins face-off versus Louis Leblanc in Punishers zone.
17:04 of 2nd period - Boone Jenner is hit by Mark Fraser.
17:12 of 2nd period - Slapshot by Mattias Tedenby.
17:12 of 2nd period - Shot Misses the Net.
17:18 of 2nd period - Michal Repik is hit by Mattias Tedenby and loses puck.
17:37 of 2nd period - Louis Leblanc is hit by Boone Jenner and loses puck.
17:49 of 2nd period - Wrist shot by Louis Leblanc.
17:49 of 2nd period - Stopped by Kristers Gudlevskis without a rebound.
17:50 of 2nd period - Nick Bjugstad wins face-off versus Zack Hamill in Punishers zone.
17:51 of 2nd period - Snap shot by Craig Smith.
17:51 of 2nd period - Goal by Craig Smith - Diables : 1 - Punishers : 4.
17:52 of 2nd period - Nick Bjugstad wins face-off versus Zack Hamill in neutral zone.
17:55 of 2nd period - Slapshot by Brandon Burlon.
17:55 of 2nd period - Stopped by Kristers Gudlevskis with a rebound.
17:59 of 2nd period - Snap shot by Nick Bjugstad.
17:59 of 2nd period - Shot Misses the Net.
18:01 of 2nd period - Snap shot by Taylor Beck.
18:01 of 2nd period - Stopped by Kristers Gudlevskis without a rebound.
18:02 of 2nd period - Zack Hamill wins face-off versus Nick Bjugstad in Punishers zone.
18:02 of 2nd period - Zack Hamill is hit by Brandon Burlon.
18:16 of 2nd period - Snap shot by Robbie Earl.
18:16 of 2nd period - Stopped by Eric Comrie with a rebound.
19:10 of 2nd period - Wrist shot by Nick Bjugstad.
19:10 of 2nd period - Shot Misses the Net.
19:30 of 2nd period - Mark Fraser is hit by David Laliberté and loses puck.
Goals for this period are 1 for Diables vs 0 for Punishers.
Shots for this period are 9 for Diables vs 3 for Punishers.
3rd period
0:01 of 3rd period - Tim Schaller wins face-off versus Zack Hamill in neutral zone.
0:33 of 3rd period - Slapshot by Adam Pelech.
0:33 of 3rd period - Stopped by Eric Comrie with a rebound.
0:35 of 3rd period - Slapshot by Mattias Tedenby.
0:35 of 3rd period - Stopped by Eric Comrie with a rebound.
0:53 of 3rd period - Snap shot by Garret Ross.
0:53 of 3rd period - Shot Blocked by Brandon Burlon.
0:55 of 3rd period - Snap shot by Miikka Salomaki.
0:55 of 3rd period - Deflect By Mark Jankowski.
0:55 of 3rd period - Stopped by Eric Comrie without a rebound.
0:56 of 3rd period - Zack Hamill wins face-off versus Tim Schaller in Diables zone.
1:02 of 3rd period - Minor Penalty to Carl Gunnarsson for Hooking.
1:03 of 3rd period - Zack Hamill wins face-off versus Craig Smith in Diables zone.
1:03 of 3rd period - Wrist shot by David Laliberté.
1:03 of 3rd period - Deflect By Robbie Earl.
1:03 of 3rd period - Shot Blocked by Brandon Burlon.
1:03 of 3rd period - Puck is out of play.
1:04 of 3rd period - Craig Smith wins face-off versus Zack Hamill in Diables zone.
1:39 of 3rd period - Wrist shot by Colton Gillies.
1:39 of 3rd period - Stopped by Eric Comrie with a rebound.
2:15 of 3rd period - Michal Repik is hit by Adam Pelech and loses puck.
2:32 of 3rd period - Boone Jenner is hit by Nick Bjugstad and loses puck.
3:02 of 3rd period - Penalty to Carl Gunnarsson is over, Carl Gunnarsson is back on ice.
3:12 of 3rd period - Slapshot by Radek Faksa.
3:12 of 3rd period - Shot Misses the Net.
3:14 of 3rd period - Slapshot by Radek Faksa.
3:14 of 3rd period - Shot Blocked by Brandon Prust.
3:16 of 3rd period - Wrist shot by Radek Faksa.
3:16 of 3rd period - Stopped by Eric Comrie with a rebound.
3:22 of 3rd period - Slapshot by Carl Gunnarsson.
3:22 of 3rd period - Stopped by Kristers Gudlevskis with a rebound.
3:24 of 3rd period - Slapshot by Brandon Prust.
3:24 of 3rd period - Shot Hit the Post.
3:44 of 3rd period - Jordan Schmaltz is hit by Jan Mursak and loses puck.
3:49 of 3rd period - Wrist shot by Michal Repik.
3:49 of 3rd period - Shot Misses the Net.
4:17 of 3rd period - Mattias Tedenby is hit by Tim Schaller and loses puck.
5:20 of 3rd period - Icing by David Laliberté.
5:21 of 3rd period - Zack Hamill wins face-off versus Tim Schaller in Punishers zone.
5:26 of 3rd period - Jordan Caron is hit by Zack Hamill and loses puck.
5:50 of 3rd period - Boone Jenner is hit by Nick Bjugstad and loses puck.
5:58 of 3rd period - Minor Penalty to Carl Gunnarsson for Tripping.
5:59 of 3rd period - Robbie Earl wins face-off versus Craig Smith in Diables zone.
6:00 of 3rd period - Slapshot by Zack Hamill.
6:00 of 3rd period - Stopped by Eric Comrie with a rebound.
6:02 of 3rd period - Wrist shot by Robbie Earl.
6:02 of 3rd period - Shot Misses the Net.
6:04 of 3rd period - Slapshot by Patrick Wiercioch.
6:04 of 3rd period - Shot Misses the Net.
6:06 of 3rd period - Snap shot by Robbie Earl.
6:06 of 3rd period - Stopped by Eric Comrie with a rebound.
6:12 of 3rd period - Wrist shot by Robbie Earl.
6:12 of 3rd period - Goal by Robbie Earl - Diables : 1 - Punishers : 5.
6:13 of 3rd period - Tim Schaller wins face-off versus Zack Hamill in neutral zone.
6:16 of 3rd period - Zack Hamill is hit by Brandon Burlon and loses puck.
7:02 of 3rd period - Carl Gunnarsson is hit by Miikka Salomaki and loses puck.
8:09 of 3rd period - Off-side.
8:10 of 3rd period - Jan Mursak wins face-off versus Zack Hamill in neutral zone.
8:43 of 3rd period - Wrist shot by Zack Hamill.
8:43 of 3rd period - Shot Blocked by Mark Fraser.
8:49 of 3rd period - Snap shot by Zack Hamill.
8:49 of 3rd period - Shot Misses the Net.
8:53 of 3rd period - Wrist shot by Zack Hamill.
8:53 of 3rd period - Goal by Zack Hamill - Diables : 1 - Punishers : 6.
8:54 of 3rd period - Nick Bjugstad wins face-off versus Boone Jenner in neutral zone.
8:56 of 3rd period - Minor Penalty to Pavel Valentenko for Roughing.
8:57 of 3rd period - David Laliberté wins face-off versus Craig Smith in Diables zone.
9:11 of 3rd period - Wrist shot by Craig Smith.
9:11 of 3rd period - Stopped by Kristers Gudlevskis without a rebound.
9:12 of 3rd period - Craig Smith wins face-off versus Robbie Earl in Punishers zone.
9:39 of 3rd period - Mark Fraser is hit by Adam Pelech and loses puck.
9:57 of 3rd period - Icing by Zack Hamill.
9:58 of 3rd period - Nick Bjugstad wins face-off versus Zack Hamill in Punishers zone.
10:11 of 3rd period - Wrist shot by Nick Bjugstad.
10:11 of 3rd period - Stopped by Kristers Gudlevskis without a rebound.
10:12 of 3rd period - Craig Smith wins face-off versus Boone Jenner in Punishers zone.
10:13 of 3rd period - Wrist shot by Tim Schaller.
10:13 of 3rd period - Shot Misses the Net.
10:16 of 3rd period - Icing by Boone Jenner.
10:17 of 3rd period - Boone Jenner wins face-off versus Craig Smith in Punishers zone.
10:22 of 3rd period - Slapshot by Adam Pelech.
10:22 of 3rd period - Stopped by Eric Comrie with a rebound.
10:24 of 3rd period - Snap shot by Adam Pelech.
10:24 of 3rd period - Deflect By Boone Jenner.
10:24 of 3rd period - Goal by Boone Jenner - Diables : 1 - Punishers : 7.
10:25 of 3rd period - Zack Hamill wins face-off versus Tim Schaller in neutral zone.
10:32 of 3rd period - Slapshot by Adam Pelech.
10:32 of 3rd period - Deflect By Zack Hamill.
10:32 of 3rd period - Stopped by Eric Comrie with a rebound.
10:50 of 3rd period - Taylor Beck is hit by Boone Jenner and loses puck.
10:59 of 3rd period - Snap shot by Nick Bjugstad.
10:59 of 3rd period - Shot Misses the Net.
11:26 of 3rd period - Icing by Carl Gunnarsson.
11:27 of 3rd period - Chris Tierney wins face-off versus Radek Faksa in Diables zone.
11:38 of 3rd period - Wrist shot by Nick Bjugstad.
11:38 of 3rd period - Stopped by Kristers Gudlevskis without a rebound.
11:39 of 3rd period - Tim Schaller wins face-off versus David Laliberté in Punishers zone.
12:29 of 3rd period - Trevor Van Riemsdyk is hit by Chris Tierney.
12:33 of 3rd period - Snap shot by Brandon Prust.
12:33 of 3rd period - Stopped by Kristers Gudlevskis without a rebound.
12:34 of 3rd period - Zack Hamill wins face-off versus Tim Schaller in Punishers zone.
12:34 of 3rd period - Zack Hamill is hit by Tim Schaller.
13:02 of 3rd period - Wrist shot by Craig Smith.
13:02 of 3rd period - Shot Blocked by Mattias Tedenby.
13:04 of 3rd period - Snap shot by Taylor Beck.
13:04 of 3rd period - Shot Misses the Net.
13:06 of 3rd period - Slapshot by Jamie Oleksiak.
13:06 of 3rd period - Shot Blocked by Colton Gillies.
13:08 of 3rd period - Wrist shot by Taylor Beck.
13:08 of 3rd period - Stopped by Kristers Gudlevskis without a rebound.
13:09 of 3rd period - Nick Bjugstad wins face-off versus Boone Jenner in Punishers zone.
13:22 of 3rd period - Wrist shot by Mattias Tedenby.
13:22 of 3rd period - Stopped by Eric Comrie with a rebound.
13:24 of 3rd period - Slapshot by Patrick Wiercioch.
13:24 of 3rd period - Stopped by Eric Comrie without a rebound.
13:25 of 3rd period - David Laliberté wins face-off versus Jordan Caron in Diables zone.
13:32 of 3rd period - Wrist shot by Robbie Earl.
13:32 of 3rd period - Shot Blocked by Tim Schaller.
13:34 of 3rd period - Slapshot by Jordan Schmaltz.
13:34 of 3rd period - Stopped by Eric Comrie with a rebound.
13:38 of 3rd period - Snap shot by Robbie Earl.
13:38 of 3rd period - Stopped by Eric Comrie without a rebound.
13:39 of 3rd period - Nick Bjugstad wins face-off versus Zack Hamill in Diables zone.
13:39 of 3rd period - Nick Bjugstad is hit by Zack Hamill.
14:02 of 3rd period - Icing by Adam Pelech.
14:03 of 3rd period - Zack Hamill wins face-off versus Tim Schaller in Punishers zone.
14:08 of 3rd period - Tim Schaller is hit by Adam Pelech and loses puck.
14:53 of 3rd period - Snap shot by Mattias Tedenby.
14:53 of 3rd period - Stopped by Eric Comrie with a rebound.
14:55 of 3rd period - Slapshot by Adam Pelech.
14:55 of 3rd period - Stopped by Eric Comrie with a rebound.
14:57 of 3rd period - Slapshot by Colton Gillies.
14:57 of 3rd period - Shot Misses the Net.
15:05 of 3rd period - Snap shot by Mattias Tedenby.
15:05 of 3rd period - Stopped by Eric Comrie without a rebound.
15:06 of 3rd period - Craig Smith wins face-off versus David Laliberté in Diables zone.
15:14 of 3rd period - Slapshot by Brandon Burlon.
15:14 of 3rd period - Stopped by Kristers Gudlevskis without a rebound.
15:15 of 3rd period - Nick Bjugstad wins face-off versus Zack Hamill in Punishers zone.
15:40 of 3rd period - Snap shot by Taylor Beck.
15:40 of 3rd period - Shot Blocked by Trevor Van Riemsdyk.
15:42 of 3rd period - Wrist shot by Taylor Beck.
15:42 of 3rd period - Deflect By Craig Smith.
15:42 of 3rd period - Stopped by Kristers Gudlevskis without a rebound.
15:43 of 3rd period - Mark Jankowski wins face-off versus Tim Schaller in Punishers zone.
16:15 of 3rd period - Wrist shot by Brandon Burlon.
16:15 of 3rd period - Shot Blocked by Dan Bertram.
16:37 of 3rd period - Wrist shot by Taylor Beck.
16:37 of 3rd period - Stopped by Kristers Gudlevskis without a rebound.
16:38 of 3rd period - Zack Hamill wins face-off versus Nick Bjugstad in Punishers zone.
16:47 of 3rd period - Slapshot by Robbie Earl.
16:47 of 3rd period - Shot Misses the Net.
17:07 of 3rd period - Snap shot by Mattias Tedenby.
17:07 of 3rd period - Shot Misses the Net.
17:29 of 3rd period - Mark Fraser is hit by Radek Faksa.
17:33 of 3rd period - Slapshot by Dan Bertram.
17:33 of 3rd period - Stopped by Eric Comrie with a rebound.
17:47 of 3rd period - Mark Fraser is hit by Miikka Salomaki and loses puck.
17:52 of 3rd period - Snap shot by Garret Ross.
17:52 of 3rd period - Shot Misses the Net.
18:12 of 3rd period - Mark Fraser is hit by David Laliberté and loses puck.
18:55 of 3rd period - Pavel Valentenko is hit by Adam Pelech.
19:31 of 3rd period - Jan Mursak is hit by Trevor Van Riemsdyk.
Goals for this period are 0 for Diables vs 3 for Punishers.
Shots for this period are 9 for Diables vs 20 for Punishers.
Back to the Top